 Dungeon Crawl Stone Soup version 0.31-a0-1537-g69dc257577 (webtiles) character file.

Game seed: 13605319476161257853

1347 James the Ducker (level 8, -3/61 HPs)
             Began as a Merfolk Summoner on Jan 1, 2024.
             Was an Initiate of Gozag.
             Slain by an orc warrior
             ... wielding a +0 hand axe
              (10 damage)
             ... on level 5 of the Dungeon.
             The game lasted 00:26:47 (5874 turns).

James the Ducker (Merfolk Summoner)                 Turns: 5874, Time: 00:26:48

Health: -3/61      AC:  2    Str:  9    XL:     8   Next: 62%
Magic:  5/15       EV: 15    Int: 16    God:    Gozag
Gold:   455        SH:  0    Dex: 14    Spells: 11/17 levels left

rFire   . . .        l - +3 short sword (drain)
rCold   . . .        (no shield)
rNeg    + . .        m - +0 robe
rPois   .            (no helmet)
rElec   .            C - scarf {shadows}
rCorr   .            (no gloves)
SInv    .            (no boots)
Will    .....        e - amulet of regeneration
Stlth   ++           t - ring of positive energy
HPRegen 1.10/turn    (no ring)
MPRegen 0.14/turn

%: no passive effects
@: unable to call your familiar
A: (nimble swimmer 2), mertail
a: Renounce Religion, Potion Petition, Call Merchant, Bribe Branch


You were on level 5 of the Dungeon.
You worshipped Gozag.
Gozag was aware of your devotion.
You visited 2 branches of the dungeon, and saw 7 of its levels.

You collected 529 gold pieces.
You paid 74 gold pieces to Gozag.

Inventory:

Hand Weapons
 a - a +0 dagger of speed
   (You took it off a goblin on level 2 of the Dungeon)
 b - a +0 trident
   (You found it on level 2 of the Dungeon)
 c - a +0 hand axe
   (You found it on level 1 of the Dungeon)
 j - a +2 dagger of holy wrath
   (You took it off an orc on level 5 of the Dungeon)
 l - a +3 short sword of draining (weapon)
   (You took it off a kobold on level 4 of the Dungeon)
 n - a +0 spear
   (You found it on level 2 of the Dungeon)
 w - a +1 flail of holy wrath
   (You took it off an orc on level 3 of the Dungeon)
 D - a +0 halberd
   (You took it off a gnoll on level 2 of the Dungeon)
 E - a +0 sling
   (You found it on level 3 of the Dungeon)
 N - a +2 dagger of venom
   (You took it off an orc on level 4 of the Dungeon)
 T - a +1 rapier of venom
   (You found it on level 5 of the Dungeon)
Missiles
 d - 2 javelins
 g - 48 stones
 q - 3 curare-tipped darts {!f}
 A - 8 poisoned darts
 I - 5 boomerangs
Armour
 f - a +0 leather armour
   (You took it off Eustachio on level 4 of the Dungeon)
 i - a +0 scale mail
   (You took it off an orc on level 4 of the Dungeon)
 k - a +0 ring mail
   (You found it on level 1 of the Dungeon)
 m - a +0 robe (worn)
 o - a +0 robe
   (You found it on level 2 of the Dungeon)
 s - a +0 robe
   (You found it on level 4 of the Dungeon)
 u - a +0 plate armour
   (You found it on level 3 of the Dungeon)
 v - a +0 ring mail
   (You took it off an orc on level 3 of the Dungeon)
 y - a +0 chain mail
   (You found it on level 3 of the Dungeon)
 B - a +0 leather armour
   (You found it on level 3 of the Dungeon)
 C - a scarf of shadows (worn)
   (You found it on level 3 of the Dungeon)
 F - a +0 robe
   (You found it on level 3 of the Dungeon)
 H - a +0 scale mail
   (You found it on level 3 of the Dungeon)
 J - a +0 robe
   (You took it off an orc wizard on level 4 of the Dungeon)
 K - a +0 ring mail
   (You took it off an orc on level 4 of the Dungeon)
 M - a +0 ring mail
   (You took it off an orc on level 4 of the Dungeon)
 O - a +0 leather armour
   (You took it off an orc on level 5 of the Dungeon)
 Q - a +0 robe
   (You found it on level 5 of the Dungeon)
 R - a +0 scale mail
   (You found it on level 5 of the Dungeon)
 U - a +0 leather armour
   (You found it on level 5 of the Dungeon)
 V - a +0 ring mail
   (You took it off an orc on level 5 of the Dungeon)
 W - a +0 leather armour
   (You took it off an orc on level 5 of the Dungeon)
 Y - a +0 leather armour
   (You found it on level 5 of the Dungeon)
 Z - a +0 chain mail
   (You took it off an orc on level 5 of the Dungeon)
Jewellery
 e - an amulet of regeneration (around neck)
   (You found it on level 1 of the Dungeon)
 t - a ring of positive energy (left hand)
   (You found it on level 2 of the Dungeon)
Wands
 x - a wand of acid (7)
   (You found it on level 5 of the Dungeon)
Scrolls
 L - a scroll of revelation
 P - 2 scrolls of fear
 S - a scroll of brand weapon {unknown}
 X - 2 scrolls of immolation {unknown}
Potions
 h - a potion of berserk rage
 p - 2 potions of magic
 r - a potion of heal wounds {@q2}
 z - a potion of curing {@q1}
 G - a potion of brilliance


   Skills:
 + Level 4.3 Fighting
 + Level 7.2 Dodging
 + Level 2.8 Stealth
 - Level 5.0 Spellcasting
 - Level 7.0 Summonings


You had 11 spell levels left.
You knew the following spells:

 Your Spells              Type           Power      Damage    Failure   Level
a - Summon Small Mammal   Summ           100%       N/A       1%          1
c - Call Canine Familiar  Summ           26%        N/A       2%          3
x - Call Imp              Summ           52%        N/A       1%          2

Your spell library contained the following spells:

 Spells                   Type           Power      Damage    Failure   Level
 Apportation              Tloc           8%         N/A       16%         1
 Necrotise                Necr           16%        1d4       16%         1
 Sting                    Conj/Alch      16%        1d4       16%         1
 Summon Blazeheart Golem  Fire/Summ      15%        N/A       34%         4
 Summon Lightning Spire   Summ/Air       15%        N/A       34%         4
 Fugue of the Fallen      Necr           4%         N/A       41%         3
 Inner Flame              Hex/Fire       4%         N/A       41%         3
 Ozocubu's Armour         Ice            4%         N/A       41%         3
 Flame Wave               Conj/Fire      4%         2d5       83%         4
 Manifold Assault         Tloc           4%         N/A       83%         4
 Sticky Flame             Fire/Alch      4%         2d4       83%         4


Dungeon Overview and Level Annotations

Branches:
Dungeon (6/15)             Temple (1/1) D:4

Altars:
Ashenzari
Cheibriados
Dithmenos
Fedhas
Gozag
Hepliaklqana
Kikubaaqudgha
Makhleb
Nemelex Xobeh
Okawaru
Qazlal
Ru
Sif Muna
Trog
Uskayaw
Vehumet
Wu Jian
Yredelemnul
Zin
The Shining One

Annotations:
D:4 1 runed translucent door, ZotIsNOTReal's ghost, amateur OpSh
Temple 2 transporters


Innate Abilities, Weirdness & Mutations

((You are very nimble when in or above water. (Stealth+, EV+, Speed+++)))
Your lower body shifts to a powerful aquatic tail in water.


Message History

Your inugami closely misses the orc warrior.
The orc warrior hits your inugami with a +0 hand axe!
Your inugami dies!
Your inugami disappears in a puff of smoke!
Your cerulean imp hits the orc warrior but does no damage.
Your rat disappears in a puff of smoke!
The orc warrior hits you with a +0 hand axe!
The orc warrior barely misses your rat.
Your cerulean imp barely misses the orc warrior.
Your rat closely misses the orc warrior.
You hit the orc warrior but do no damage.
You drain the orc warrior.
The orc warrior hits you with a +0 hand axe!
The orc warrior hits your rat with a +0 hand axe.
Your rat dies!
Your rat's corpse disappears in a puff of smoke!
Your cerulean imp hits the orc warrior but does no damage.
The orc warrior attacks as it pursues you!
The orc warrior hits you with a +0 hand axe!
The orc warrior barely misses your cerulean imp.
The orc warrior barely misses your quokka.
Your quokka closely misses the orc warrior.
Your cerulean imp closely misses the orc warrior.
You hit the orc warrior but do no damage.
Your quokka closely misses the orc warrior.
The orc warrior hits you with a +0 hand axe!
* * * LOW HITPOINT WARNING * * *
The orc warrior hits your quokka with a +0 hand axe.
Your quokka dies!
Your quokka's corpse disappears in a puff of smoke!
The orc warrior hits your cerulean imp with a +0 hand axe.
Your cerulean imp closely misses the orc warrior.
You hit the orc warrior but do no damage.
The orc warrior hits you with a +0 hand axe!
* * * LOW HITPOINT WARNING * * *
The orc warrior completely misses your cerulean imp.
Your cerulean imp hits the orc warrior but does no damage.
You barely miss the orc warrior.
The orc warrior hits you with a +0 hand axe!
* * * LOW HITPOINT WARNING * * *
The orc warrior hits your cerulean imp with a +0 hand axe!
Your cerulean imp dies!
Your cerulean imp disappears in a puff of smoke!
A tiny devil pulls itself out of the air.
The orc warrior hits you with a +0 hand axe!
* * * LOW HITPOINT WARNING * * *
The orc warrior attacks as it pursues you!
The orc warrior hits you with a +0 hand axe!
You die...
Your body crumbles into a pile of gold.

.##.......# ######.# #.....
.##.#._.#.#######...# #.....
.##.......#.....#.### #.....
.#.........####.#.# #.....
.#...8.8...####[#'###### #.....
.#............§§.......# #.....
.#.8.....8.###)§.......#####.....
...).).....##§..o......'...+.....
.#.8)....8....§.@......#####.....
.#..)...........5......# #.....
.....8.8...............# ######
##................###############
###.########'#..........>.......
#..# #.#.####.###########. ##.#
#.#.)....## #.
##.#######.....)...##########.
#..........).......#..........


You could see an orc warrior (drained, ally target) and a friendly cerulean imp
(summoned).

Vanquished Creatures
  Eustachio (D:4)
  An ogre (D:4)
  A black bear (D:5)
  2 hounds
  An orc priest (D:4)
  A sleepcap (D:5)
  2 adders (D:2)
  2 dart slugs
  A ribbon worm (D:3)
  3 orcs
  3 ball pythons
  3 bats
  2 endoplasms (D:3)
  2 giant cockroaches (D:1)
  4 goblins
  2 hobgoblins
  2 jackals
  A quokka (D:1)
  2 frilled lizards
  3 kobolds
  5 rats
44 creatures vanquished.

Vanquished Creatures (collateral kills)
  A sky beast (D:4)
  An ice beast (D:5)
  2 ogres (D:5)
  A phantom (D:5)
  A scorpion (D:5)
  A bombardier beetle (D:2)
  A hound (D:5)
  A sleepcap (D:5)
  An iguana (D:5)
  3 orc wizards
  5 adders
  7 gnolls
  A white imp (D:5)
  A dart slug (D:4)
  2 ribbon worms (D:4)
  14 orcs
  2 bats
  An endoplasm (D:2)
  A giant cockroach (D:1)
  3 goblins
  A hobgoblin (D:3)
  9 kobolds
  2 quokkas
  5 ball pythons
  4 rats
71 creatures vanquished.

Grand Total: 115 creatures vanquished

Notes
Turn   | Place    | Note
-------+----------+-------------------------------------------
     0 | D:1      | James the Merfolk Summoner began the quest for the Orb.
     0 | D:1      | Reached XP level 1. HP: 13/13 MP: 3/3
   244 | D:1      | Reached XP level 2. HP: 19/19 MP: 5/5
   247 | D:1      | Learned a level 2 spell: Call Imp
   961 | D:2      | Reached XP level 3. HP: 24/24 MP: 6/6
   982 | D:2      | Learned a level 3 spell: Call Canine Familiar
  1721 | D:3      | Reached XP level 4. HP: 30/30 MP: 2/7
  2113 | D:2      | Reached skill level 5 in Summonings
  2168 | D:2      | Reached XP level 5. HP: 18/35 MP: 6/9
  2668 | D:3      | Reached skill level 1 in Fighting
  3154 | D:4      | Found a runed translucent door.
  3666 | D:4      | Reached XP level 6. HP: 37/43 MP: 2/11
  3854 | D:4      | Noticed ZotIsNOTReal's ghost (amateur OpSh)
  3863 | D:4      | Noticed a sky beast
  3928 | D:4      | Reached skill level 5 in Dodging
  3955 | D:4      | Killed a sky beast
  3956 | D:4      | Reached XP level 7. HP: 31/48 MP: 5/13
  4022 | D:4      | Found a staircase to the Ecumenical Temple.
  4030 | Temple   | Found a transporter.
  4030 | Temple   | Found a transporter.
  4030 | Temple   | Found a transporter.
  4030 | Temple   | Found a transporter.
  4030 | Temple   | Entered the Ecumenical Temple
  4044 | Temple   | Became a worshipper of Gozag Ym Sagoz the Greedy
  4242 | D:4      | Noticed Eustachio
  4364 | D:4      | Killed Eustachio
  4490 | D:4      | Found a bloodstained altar of Trog.
  4494 | D:4      | Found a sparkling altar of Nemelex Xobeh.
  4660 | D:5      | Entered Level 5 of the Dungeon
  4978 | D:5      | Found a hide-covered altar of Uskayaw.
  5047 | D:5      | Reached XP level 8. HP: 57/57 MP: 8/15
  5216 | D:5      | Reached skill level 5 in Spellcasting
  5874 | D:5      | Slain by an orc warrior

Illustrated notes

Levels and vault maps discovered:
D:1:      tarquinn_simple_flora_water_b, layout_rooms, minmay_misc_feat_enclosed
D:2:      layout_loops_ring
D:3:      layout_loops_ring
D:4:      minmay_recursive_quarters, layout_cave_pools, minitemple,
          minmay_temple_entry_mini_moons, ebering_ghost_sewer_d, uniq_eustachio
D:5:      layout_basic, nicolae_uskayaw_dance_hall, minmay_diced_spiral
D:6:      layout_gridville, uniq_sigmund
Temple:   hellmonk_temple_divided_pantheon

Skill      XL: |  1  2  3  4  5  6  7  8 |
---------------+-------------------------+-----
Dodging        | 3 4 5 6 7 |  7.2
Summonings     | 5 6 7 |  7.0
Spellcasting   | 3 4 5 |  5.0
Fighting       | 1 2 4 |  4.3
Stealth        | |  2.8

Action                     |  1- 3 |  4- 6 |  7- 9 || total
---------------------------+-------+-------+-------++-------
  Melee: Hand axe          |     7 |       |       ||     7
         Dagger            |    78 |   118 |       ||   196
         Punch             |     3 |       |     2 ||     5
         Short sword       |       |     9 |    93 ||   102
   Cast: Summon Small Mamm |    21 |    10 |    20 ||    51
         Call Imp          |    10 |    21 |    18 ||    49
         Call Canine Famil |       |     7 |    14 ||    21
    Use: Scroll            |       |     9 |     3 ||    12
   Stab: Sleeping          |     3 |     2 |     2 ||     7
         Distracted        |       |     2 |     2 ||     4
 Armour: Robe              |    43 |    91 |   117 ||   251
  Dodge: Dodged            |    69 |   103 |   111 ||   283

Table legend: (Time is in decaauts)
 A = Elapsed time spent in this place.
 B = Non-inter-level travel time spent in this place.
 C = Inter-level travel time spent in this place.
 D = Time resting spent in this place.
 E = Time spent auto-exploring this place.
 F = Levels seen in this place.
 G = Mean time per level.
                   A        B        C        D        E       F      G
               +--------+--------+--------+--------+--------+-----+--------+
         Total |   5838 |   5474 |    364 |   1079 |   2692 |   7 |  834.0 |
       Dungeon |   5806 |   5451 |    355 |   1079 |   2692 |   6 |  967.7 |
        Temple |     31 |     22 |      9 |      0 |      0 |   1 |   31.0 |
               +--------+--------+--------+--------+--------+-----+--------+

Top non-repeatable levels by time:
     D:4: 1333 daAuts
     D:3: 1238 daAuts
     D:2: 1148 daAuts
     D:5: 1098 daAuts
     D:1: 956 daAuts
     D:6: 32 daAuts
  Temple: 31 daAuts
